 Dungeon Crawl Stone Soup version 0.29-a0-266-gf56f883ddd (webtiles) character file.

Game seed: 7374052054510445223

64 enile the Caller (level 3, -1/16 HPs)
             Began as a Felid Summoner on Mar 6, 2022.
             Was a Follower of Wu Jian.
             Slain by an orc priest
             ... wielding a +0 club
              (6 damage)
             ... on level 2 of the Dungeon.
             The game lasted 00:03:19 (3020 turns).

enile the Caller (Felid Summoner)                   Turns: 3020, Time: 00:03:19

Health: -1/16      AC:  1    Str:  4    XL:     3   Next: 91%
Magic:  0/8        EV: 17    Int: 18    God:    Wu Jian [*.....]
Gold:   115        SH:  0    Dex: 16    Spells: 4/8 levels left
                                        Lives:  0   Deaths: 0

rFire   . . .      SeeInvis +   (weapon unavailable)
rCold   . . .      Faith    .   (shield unavailable)
rNeg    . . .      Spirit   +   (body armour unavailable)
rPois   .          Reflect  .   (helmet unavailable)
rElec   .          Harm     .   (cloak unavailable)
rCorr   .          Rampage  .   (gloves unavailable)
Will    .....                   (boots unavailable)
Stlth   ++........              c - amulet of guardian spirit
HPRegen 0.05/turn               (no ring)
MPRegen 0.11/turn               (no ring)

@: quick
A: very small, claws 1, fangs 3, see invisible, speed 1, shaggy fur 1, stealthy
paws, no weapons or thrown items, no armour, multi-lived
a: Renounce Religion


You were on level 2 of the Dungeon.
You worshipped Wu Jian.
Wu Jian was aware of your devotion.
You visited 1 branch of the dungeon, and saw 3 of its levels.

You collected 115 gold pieces.

Inventory:

Jewellery
 c - an amulet of guardian spirit (around neck)
Scrolls
 b - a scroll of noise {unknown}
 d - a scroll of enchant armour {unknown}
 e - 2 scrolls of teleportation {unknown}
Potions
 a - a potion of might {unknown}
 g - a potion of curing {unknown}


   Skills:
 - Level 2.0 Fighting
 - Level 3.0 Dodging
 - Level 3.0 Stealth
 - Level 3.0 Spellcasting
 + Level 4.1 Summonings


You had 4 spell levels left.
You knew the following spells:

 Your Spells              Type           Power      Damage    Failure   Level
a - Summon Small Mammal   Summ           68%        N/A       3%          1
b - Call Canine Familiar  Summ           17%        N/A       9%          3

Your spell library contained the following spells:

 Spells                   Type           Power      Damage    Failure   Level
 Call Imp                 Summ           17%        N/A       4%          2
 Summon Guardian Golem    Hex/Summ       10%        N/A       22%         3
 Summon Lightning Spire   Summ/Air       10%        N/A       56%         4
 Leda's Liquefaction      Hex/Erth       1%         N/A       85%         4
 Portal Projectile        Hex/Tloc       Unusable   N/A       N/A         3

Dungeon Overview and Level Annotations

Branches:
Dungeon (3/15)

Altars:
Wu Jian

Shops:
D:2 :


Innate Abilities, Weirdness & Mutations

You have sharp claws.
You have razor-sharp teeth.
You have supernaturally acute eyesight. (SInv)
You cover ground quickly. (Speed+)
You are covered in fur. (AC +1)
Your paws help you pounce on unaware monsters.
You are incapable of wielding weapons or throwing items.
You cannot wear armour.
You gain extra lives every three experience levels.


Message History

A frilled lizard is nearby!
What are your orders? t - Meow!
Orders for allies: a - Attack new target. r - Retreat! s - Stop attacking. g - Guard the area. f - Follow me.
Anything else - Cancel.
Gang up on whom?
Press: ? - help, Dir - move target, f - frilled lizard
Aim: a frilled lizard Attack!
Your hound bites the frilled lizard.
The frilled lizard dies!
The Council accepts your kill.
Your hound disappears in a puff of smoke!
You feel less attractive to monsters.
Magic restored.
HP restored.
Things that are here:
a +0 short sword; a hobgoblin corpse
(D) Dungeon
Where to? (Enter - D:3, ? - help)
There is a stone staircase leading down, spattered with blood here.
You see here a frilled lizard corpse.
You climb downwards.
The hobgoblin barely misses you. The hobgoblin closely misses you.
There is a stone staircase leading up here.
There are monsters nearby!
The orc shouts!
The hobgoblin closely misses you. The orc priest closely misses you.
You climb upwards.
There is a stone staircase leading down, spattered with blood here.
You see here a frilled lizard corpse.
Casting: Call Canine Familiar (extremely dangerous; 9% risk of failure)
Confirm with . or Enter, or press ? or * to list all spells.
The hobgoblin hits you.
The orc priest invokes the aid of Beogh against you.
Beogh smites you!
Ouch! That really hurt!
Your hound bites the hobgoblin.
The orc priest hits you with a +0 club!
You die...

##.# #.# #.# #.† ...#
#.# ######.# #.. ##.#
#.# #....).# #..
#.#####.# #.###### #..
#.......# #.# #..
########## #.# #.. .#
#.# ### .# #o# #### .#
#@# #..# .# #g# #.##
.# ##### #h# #..# .#
#...########)# #..'
.####.#..........#
##.##
........##########
##########..##
#####..##
#............#
.......#
#.########.###
#####.##############.#
#.# #


You could see an orc priest, a hobgoblin (ally target) and a friendly hound
(summoned).

Vanquished Creatures
  A dart slug (D:2)
  An orc (D:2)
  2 bats
  An endoplasm (D:1)
  2 giant cockroaches
  2 goblins (D:1)
  A hobgoblin (D:2)
  3 kobolds (D:1)
  A quokka (D:2)
  2 ball pythons (D:2)
  2 frilled lizards (D:1)
  2 rats (D:1)
20 creatures vanquished.

Vanquished Creatures (collateral kills)
  An adder (D:2)
  An orc (D:2)
  3 bats
  2 endoplasms (D:1)
  2 goblins
  6 hobgoblins
  5 ball pythons
  3 frilled lizards
  3 kobolds
  2 rats
28 creatures vanquished.

Grand Total: 48 creatures vanquished

Notes
Turn   | Place    | Note
-------+----------+-------------------------------------------
     0 | D:1      | enile the Felid Summoner began the quest for the Orb.
     0 | D:1      | Reached XP level 1. HP: 7/7 MP: 4/4
   361 | D:1      | Reached XP level 2. HP: 11/11 MP: 4/6
   509 | D:1      | Reached skill level 1 in Fighting
   940 | D:1      | Reached XP level 3. HP: 6/16 MP: 2/7
  1133 | D:1      | Learned a level 3 spell: Call Canine Familiar
  1952 | D:2      | Found Gano's Book Shop.
  2518 | D:2      | Found a faded altar of an unknown god.
  2659 | D:2      | Prayed at the altar of an unknown god.
  2659 | D:2      | Became a worshipper of the Wu Jian Council
  2659 | D:2      | Reached * piety under Wu Jian
  3020 | D:2      | Slain by an orc priest

Illustrated notes

Levels and vault maps discovered:
D:1:      lemuel_arrival_river_ford, layout_basic
D:2:      layout_loops_ring, shapermc_ecumenical_altar_notcrosses, serial_shops,
          shop
D:3:      layout_rooms

Skill      XL: |  1  2  3 |
---------------+----------+-----
Stealth        | 3 |  3.0
Dodging        | 3 |  3.0
Fighting       | 1 2 |  2.0
Spellcasting   | 3 |  3.0
Summonings     | |  4.1

Action                   || total
-------------------------++-------
Melee: Unarmed           ||    71
       Bite              ||    12
       Punch             ||     1
 Cast: Summon Small Mamm ||    34
       Call Canine Famil ||    14
  Use: Potion            ||     2
 Stab: Sleeping          ||     2
Armor: Skin              ||     6
Dodge: Dodged            ||    73

Table legend: (Time is in decaauts)
 A = Elapsed time spent in this place.
 B = Non-inter-level travel time spent in this place.
 C = Inter-level travel time spent in this place.
 D = Time resting spent in this place.
 E = Time spent auto-exploring this place.
 F = Levels seen in this place.
 G = Mean time per level.
                   A        B        C        D        E       F      G
               +--------+--------+--------+--------+--------+-----+--------+
         Total |   2770 |   2662 |    108 |      0 |   2296 |   3 |  923.3 |
       Dungeon |   2770 |   2662 |    108 |      0 |   2296 |   3 |  923.3 |
               +--------+--------+--------+--------+--------+-----+--------+

Top non-repeatable levels by time:
     D:2: 1410 daAuts
     D:1: 1352 daAuts
     D:3: 6 daAuts
